 Dungeon Crawl Stone Soup version 0.28-a0-697-g47f3eba078 (webtiles) character file.

Game seed: 10723585983130732314

17253 Conn the Thaumaturge (level 12, -7/75 HPs)
             Began as an Octopode Fire Elementalist on Oct 23, 2021.
             Was a High Priest of Sif Muna.
             Mangled by a fire elemental (14 damage)
             ... summoned by a deep elf pyromancer
             ... on level 12 of the Dungeon.
             The game lasted 00:45:51 (16785 turns).

Conn the Thaumaturge (Octopode Fire Elementalist)  Turns: 16785, Time: 00:45:52

Health: -7/75      AC:  1    Str: 13    XL:     12   Next: 46%
Magic:  3/23       EV: 15    Int: 23    God:    Sif Muna [*****.]
Gold:   1126       SH:  0    Dex: 12    Spells: 3/30 levels left

rFire   . . .      SeeInvis .   J - +7 mace of Variability {chain chaos}
rCold   + . .      Faith    +   (shield currently unavailable)
rNeg    . . .      Spirit   .   (helmet restricted)
rPois   .          Reflect  .   l - amulet of faith
rElec   .          Harm     .   F - +4 ring of slaying
rCorr   .          Rampage  .   C - +6 ring of strength
Will    .....                   (no ring)
Stlth   +++++.....              (no ring)
HPRegen 1.22/turn               (no ring)
MPRegen 0.18/turn               (no ring)
                                (no ring)
                                (no ring)

@: about to teleport, studying Dodging
A: almost no armour, amphibious, 8 rings, camouflage 1, gelatinous body 1,
(nimble swimmer 1), tentacles, cold resistance 1, low mp 1, passive freeze,
regeneration 1
a: Renounce Religion, Channel Magic, Forget Spell, Divine Exegesis


You were on level 12 of the Dungeon.
You worshipped Sif Muna.
Sif Muna was extremely pleased with you.
You visited 2 branches of the dungeon, and saw 13 of its levels.
You also visited: Sewer and Bailey.

You collected 1126 gold pieces.

Inventory:

Hand Weapons
 a - the +7 shortbow of Fixation {freeze, *Corrode Int+4 Dex+5}
   (You found it on level 12 of the Dungeon)

   Any ammunition fired from it freezes those it strikes, dealing additional
   cold damage.
   It can also slow down cold-blooded creatures.
   Int:       It affects your intelligence (+4).
   Dex:       It affects your dexterity (+5).
   *Corrode:  It may corrode you when you take damage.
 c - a +0 short sword
 i - a +0 dagger of venom
 w - a +3 long sword of freezing
 J - the +7 mace of Variability (weapon) {chain chaos}
   (You found it on level 10 of the Dungeon)

   Each time it hits an enemy it has a different, random effect.
   It occasionally unleashes arcs of chaos on nearby creatures upon striking a
   foe.
Missiles
 q - 35 poisoned darts
 G - 2 throwing nets
 H - 7 curare-tipped darts
Magical Staves
 o - a staff of cold
Jewellery
 l - an amulet of faith (around mantle)
 C - a +6 ring of strength (right tentacle)
 F - a +4 ring of slaying (left tentacle)
Wands
 v - a wand of iceblast (4)
Scrolls
 b - a scroll of magic mapping
 e - 2 scrolls of acquirement {unknown}
 f - 10 scrolls of teleportation
 h - 2 scrolls of immolation {unknown}
 m - a scroll of fog {unknown}
 n - 2 scrolls of brand weapon {unknown}
 t - 2 scrolls of blinking {unknown}
 u - a scroll of fear {unknown}
 x - 2 scrolls of enchant weapon {unknown}
 y - a scroll of vulnerability {unknown}
 D - a scroll of enchant armour {unknown}
 E - a scroll of holy word {unknown}
 I - a scroll of torment {unknown}
 K - a scroll of summoning {unknown}
Potions
 d - a potion of resistance
 g - 2 potions of haste
 j - 2 potions of berserk rage
 k - a potion of brilliance
 p - 3 potions of ambrosia
 r - a potion of might
 s - 5 potions of curing
 z - a potion of cancellation
 A - a potion of heal wounds
 B - a potion of flight


   Skills:
 + Level 4.5 Fighting
 + Level 2.6(3.6) Short Blades
 + Level 3.7(4.2) Long Blades
 + Level 3.3 Maces & Flails
 + Level 5.8 Dodging
 + Level 8.6 Stealth
 + Level 9.6 Spellcasting
 + Level 8.2 Conjurations
 + Level 2.3 Hexes
 + Level 0.3 Translocations
 + Level 8.6 Fire Magic
 * Level 8.1 Invocations


You had 3 spell levels left.
You knew the following spells:

 Your Spells              Type           Power      Damage    Failure   Level
a - Foxfire               Conj/Fire      100%       2x1d9     1%          1
b - Conjure Flame         Conj/Fire      49%        6-21      1%          3
c - Inner Flame           Hex/Fire       36%        N/A       1%          3
d - Flame Wave            Conj/Fire      49%        3d9       1%          4
e - Scorch                Fire           100%       2d10      1%          2
f - Iskenderun's Mystic   Conj/Tloc      30%        2d8       10%         4
g - Hailstorm             Conj/Ice       30%        3d8       11%         4
h - Starburst             Conj/Fire      24%        6d8       28%         6

Your spell library contained the following spells:

 Spells                   Type           Power      Damage    Failure   Level
 Dazzling Flash           Conj/Hex       70%        N/A       1%          3
 Ignite Poison            Fire/Tmut/Pois 24%        N/A       5%          3
 Animate Skeleton         Necr           22%        N/A       6%          1
 Pain                     Necr           44%        1d6       6%          1
 Tukima's Dance           Hex            21%        N/A       7%          3
 Blink                    Tloc           N/A        N/A       8%          2
 Poisonous Vapours        Pois/Air       22%        N/A       9%          2
 Portal Projectile        Hex/Tloc       34%        N/A       11%         3
 Gell's Gravitas          Tloc           6%         N/A       16%         3
 Lesser Beckoning         Tloc           12%        N/A       16%         3
 Teleport Other           Tloc           12%        N/A       16%         3
 Call Canine Familiar     Summ           11%        N/A       19%         3
 Vampiric Draining        Necr           5%         2d6       19%         3
 Cause Fear               Hex            10%        N/A       22%         4
 Leda's Liquefaction      Hex/Erth       8%         N/A       36%         4
 Passage of Golubria      Tloc           12%        N/A       45%         4
 Freezing Cloud           Conj/Ice/Air   11%        6-21      45%         5
 Animate Dead             Necr           5%         N/A       52%         4
 Ice Form                 Ice/Tmut       11%        N/A       52%         4
 Olgreb's Toxic Radiance  Pois           11%        N/A       52%         4
 Silence                  Hex/Air        8%         N/A       71%         5
 Yara's Violent Unravell  Hex/Tmut       8%         3d5       71%         5
 Agony                    Necr           11%        N/A       86%         5
 Dispersal                Tloc           6%         N/A       100%        6
 Eringya's Noxious Bog    Tmut/Pois      5%         N/A       100%        6
 Simulacrum               Ice/Necr       5%         N/A       100%        6
 Haunt                    Necr/Summ      5%         N/A       100%        7
 Ozocubu's Refrigeration  Ice            5%         4d6       100%        7
 Borgnjor's Revivificati  Necr           5%         N/A       100%        8
 Discord                  Hex            10%        N/A       100%        8
 Ignition                 Fire           25%        3d8       100%        8
 Infestation              Necr           5%         N/A       100%        8
 Necromutation            Tmut/Necr      5%         N/A       100%        8
 Death's Door             Necr           5%         N/A       100%        9
 Polar Vortex             Ice            5%         N/A       100%        9


Dungeon Overview and Level Annotations

Branches:
Dungeon (12/15)            Temple (1/1) D:5            Lair (0/6) D:8
    Orc (0/2) D:9           Sewer (visited)          Bailey (visited)

Altars:
Ashenzari
Cheibriados
Dithmenos
Elyvilon
Gozag
Hepliaklqana
Kikubaaqudgha
Makhleb
Nemelex Xobeh
Okawaru
Qazlal
Sif Muna
Trog
Uskayaw
Vehumet
Wu Jian
Xom
Yredelemnul
Zin
The Shining One

Shops:
D:1 (


Innate Abilities, Weirdness & Mutations

You cannot wear most types of armour.
You are amphibious.
You can wear up to eight rings at the same time.
Your skin changes colour to match your surroundings (Stealth+).
Your rubbery body absorbs attacks. (AC +1, EV +1)
((You are camouflaged near water. (Stealth+)))
You have tentacles for arms and can constrict up to eight enemies at once.
Your flesh is cold resistant. (rC+)
Your magical capacity is low. (-10% MP)
A frigid envelope surrounds you and freezes all who hurt you.
Your natural rate of healing is unusually fast.


Message History

Unknown command.
Unknown command.
Unknown command.
Unknown command.
You feel much better.
The vampire mosquito closely misses you.
The vampire mosquito bites you.
The vampire mosquito draws strength from your injuries!
The vampire mosquito is very cold.
You destroy the vampire mosquito!
Sif Muna accepts your kill. The fire elemental barely misses you.
Okay, then.
Okay, then.
As you read the scroll of teleportation, it crumbles to dust.
You feel strangely unstable.
A vampire mosquito comes into view.
The fire elemental misses you. The deep elf pyromancer misses you.
Unknown command.
The fire elemental hits you. The fire elemental burns you!
The fire elemental is frozen!
The fire elemental is very cold.
The fire elemental is lightly damaged.
A sphinx comes into view.
Unknown command.
You barely miss the deep elf pyromancer.
Your grab misses the deep elf pyromancer.
The deep elf pyromancer is moderately wounded.
The fire elemental hits you. The fire elemental burns you!
The fire elemental is frozen!
The fire elemental is very cold.
The fire elemental is heavily damaged.
The fire elemental hits you. The fire elemental burns you!
* * * LOW HITPOINT WARNING * * *
The deep elf pyromancer hits you with a +0 long sword.
* * * LOW HITPOINT WARNING * * *
The deep elf pyromancer is very cold.
The deep elf pyromancer is severely wounded.
The fire elemental hits you.
* * * LOW HITPOINT WARNING * * *
The fire elemental burns you!
You die...

# #.######## # #.#
#.####### ###
#.......# ##.##
#.#####.# ##.#.##
#.#####.####.###.##
####.##........## ##.#
........##.###OE###..#
##.........##Hye@#...#
##...#######.########
##.## ##.## #.#
##...## #.# #..!..#
##'## ##...## #...#
#...# #####


cl... ....... You could see a sphinx, a two-headed ogre, a deep elf pyromancer,
a fire elemental (summoned) and a vampire mosquito.

Vanquished Creatures
  A hydra (D:11)
  A centaur warrior (D:12)
  2 two-headed ogres
  2 orc knights (Bailey)
  The ghost of Zigma the Cruncher, a novice OpNe of Kikubaaqudgha (D:7)
  An ugly thing (D:12)
  A cyclops (D:7)
  4 centaur zombies
  A kobold demonologist (D:12)
  2 trolls
  A hornet (D:7)
  A slime creature (D:10)
  3 shadows
  A wyvern (D:11)
  2 vampires
  2 basilisks (D:12)
  22 yaks
  2 chaos spawn (D:10)
  3 steam dragons
  2 vampire mosquitoes (D:12)
  4 water moccasins
  2 black bears
  11 orc warriors
  2 ice beasts
  A necrophage (D:4)
  8 ogres
  3 centaurs
  A gnoll sergeant (D:9)
  7 kobold brigands
  3 bullfrogs
  3 scorpions
  2 water moccasin skeletons (D:4)
  4 killer bees (D:7)
  4 wights (D:7)
  4 howler monkeys
  3 hounds (D:6)
  7 jellies
  An orc priest (D:8)
  2 bullfrog skeletons
  3 centaur skeletons
  A gnoll shaman (D:8)
  Jessica (D:2)
  4 iguanas
  A scorpion zombie (D:5)
  10 orc wizards
  A killer bee zombie (D:5)
  11 gnolls
  10 adders
  A river rat (D:4)
  A shadow imp (D:3)
  2 ufetubi
  An adder skeleton (D:4)
  3 worms
  5 dart slugs
  44 orcs
  2 ball pythons
  16 endoplasms
  3 giant cockroaches
  10 goblins
  9 hobgoblins
  6 jackals
  12 kobolds
  8 quokkas
  17 bats
  3 frilled lizards
  3 rats
  2 foxfires (D:11)
317 creatures vanquished.

Vanquished Creatures (others)
  692 foxfires
  10 fungi
702 creatures vanquished.

Grand Total: 1019 creatures vanquished

Notes
Turn   | Place    | Note
-------+----------+-------------------------------------------
     0 | D:1      | Conn the Octopode Fire Elementalist began the quest for the
                  | Orb.
     0 | D:1      | Reached XP level 1. HP: 11/11 MP: 3/3
    76 | D:1      | Reached XP level 2. HP: 17/17 MP: 0/5
   690 | D:1      | Found Kojeugarch's Weapon Shop.
   855 | D:1      | Reached XP level 3. HP: 21/21 MP: 2/6
  1641 | D:2      | Noticed a scorpion
  1650 | D:2      | Killed a scorpion
  1651 | D:2      | Reached XP level 4. HP: 3/27 MP: 2/8
  1930 | D:2      | Reached XP level 5. HP: 31/31 MP: 6/9
  1999 | D:2      | Noticed Jessica
  2299 | D:2      | Killed Jessica
  2300 | D:2      | Reached skill level 3 in Spellcasting
  2641 | D:2      | Reached skill level 1 in Short Blades
  3200 | D:3      | Reached XP level 6. HP: 30/36 MP: 4/10
  3671 | D:3      | Found a faded altar of an unknown god.
  3689 | D:3      | Learned a level 3 spell: Conjure Flame
  3693 | D:3      | Learned a level 3 spell: Inner Flame
  3698 | D:3      | Learned a level 4 spell: Flame Wave
  4316 | D:4      | Reached XP level 7. HP: 22/42 MP: 6/12
  4400 | D:4      | Found a glowing drain.
  4404 | Sewer    | Entered a sewer
  4548 | Sewer    | Reached skill level 1 in Fighting
  4548 | Sewer    | Reached skill level 5 in Stealth
  4548 | Sewer    | Reached skill level 4 in Spellcasting
  4730 | D:4      | Found an ornate altar of the Wu Jian Council.
  5208 | D:4      | Found a sparkling altar of Nemelex Xobeh.
  5330 | D:4      | Reached XP level 8. HP: 19/48 MP: 8/14
  5739 | D:5      | Entered Level 5 of the Dungeon
  5761 | D:5      | Found a staircase to the Ecumenical Temple.
  5770 | Temple   | Entered the Ecumenical Temple
  5779 | Temple   | Became a worshipper of Sif Muna the Loreminder
  6462 | D:5      | Reached skill level 5 in Spellcasting
  6462 | D:5      | Reached skill level 5 in Fire Magic
  7081 | D:6      | Reached XP level 9. HP: 37/54 MP: 9/17
  7089 | D:6      | Reached skill level 6 in Spellcasting
  7395 | D:6      | Reached skill level 5 in Conjurations
  7449 | D:6      | Reached * piety under Sif Muna
  8078 | D:6      | Reached skill level 7 in Spellcasting
  8249 | D:6      | Found a shadowy altar of Dithmenos.
  8454 | D:7      | Reached skill level 1 in Hexes
  8551 | D:7      | Noticed a cyclops
  8567 | D:7      | Killed a cyclops
  8568 | D:7      | Reached skill level 1 in Invocations
  8729 | D:7      | Found a flagged portal.
  8733 | D:7      | Reached ** piety under Sif Muna
  8742 | Bailey   | Entered a bailey
  8870 | Bailey   | Reached XP level 10. HP: 49/61 MP: 9/21
  9318 | Bailey   | Noticed an orc knight
  9329 | Bailey   | Learned a level 2 spell: Scorch
  9344 | Bailey   | Killed an orc knight
  9595 | Bailey   | Identified the +9 ice dragon scales of Free Expression {rF-
                  | rC++ Regen+ Int+7 Stlth+}
  9611 | Bailey   | Noticed an orc knight
  9760 | Bailey   | Killed an orc knight
  9761 | Bailey   | Reached skill level 8 in Spellcasting
 10160 | D:7      | Noticed a two-headed ogre
 10166 | D:7      | Killed a two-headed ogre
 10167 | D:7      | Reached skill level 1 in Long Blades
 10270 | D:7      | Found a transporter.
 10274 | D:7      | Found a transporter.
 10275 | D:7      | Noticed Zigma's ghost (novice OpNe)
 10422 | D:7      | Killed Zigma's ghost
 10597 | D:7      | Found a snail-covered altar of Cheibriados.
 11010 | D:8      | Found a staircase to the Lair.
 11023 | D:8      | Found a basalt altar of Yredelemnul.
 11207 | D:8      | Reached XP level 11. HP: 66/66 MP: 0/23
 11516 | D:8      | Reached *** piety under Sif Muna
 11688 | D:8      | Gained mutation: You expend magic power (3 MP) to
                  | strengthen your wands. [potion of mutation]
 11689 | D:8      | Lost mutation: You expend magic power (3 MP) to strengthen
                  | your wands. [potion of mutation]
 11689 | D:8      | Gained mutation: Your magical capacity is low. (-10% MP)
                  | [potion of mutation]
 11689 | D:8      | Gained mutation: Your natural rate of healing is unusually
                  | fast. [potion of mutation]
 11690 | D:8      | Lost mutation: Your magical capacity is low. (-10% MP)
                  | [potion of mutation]
 11690 | D:8      | Gained mutation: Your flesh is cold resistant. (rC+)
                  | [potion of mutation]
 11690 | D:8      | Gained mutation: Your magical capacity is low. (-10% MP)
                  | [potion of mutation]
 11690 | D:8      | Gained mutation: A frigid envelope surrounds you and
                  | freezes all who hurt you. [potion of mutation]
 11717 | D:8      | Learned a level 4 spell: Iskenderun's Mystic Blast
 11722 | D:8      | Learned a level 4 spell: Hailstorm
 11729 | D:8      | Learned a level 6 spell: Starburst
 12037 | D:8      | Found a radiant altar of Vehumet.
 12354 | D:9      | Reached skill level 5 in Invocations
 12664 | D:9      | Found a staircase to the Orcish Mines.
 12673 | D:9      | Reached **** piety under Sif Muna
 12751 | D:9      | Reached skill level 9 in Spellcasting
 13032 | D:9      | Identified the +2 ring mail of Lifelessness {rC+}
 13170 | D:10     | Entered Level 10 of the Dungeon
 13171 | D:10     | Found a white marble altar of Elyvilon.
 13183 | D:10     | Found a stormy altar of Qazlal.
 13701 | D:10     | Reached skill level 5 in Dodging
 13973 | D:10     | Found the +7 mace of Variability {chain chaos}
 13975 | D:10     | Found a shimmering altar of Xom.
 14237 | D:11     | Noticed an eight-headed hydra
 14250 | D:11     | Reached skill level 1 in Maces & Flails
 14352 | D:11     | Reached ***** piety under Sif Muna
 14485 | D:11     | Received a gift from Sif Muna
 14491 | D:11     | Got Sif Muna's Almanac of Dislocated Poisoning {god gift}
 14616 | D:11     | Reached XP level 12. HP: 45/74 MP: 10/22
 15105 | D:11     | Killed an eight-headed hydra
 15218 | D:11     | Noticed a two-headed ogre
 15223 | D:11     | Killed a two-headed ogre
 15882 | D:12     | Identified the +7 shortbow of Fixation {freeze, *Corrode
                  | Int+4 Dex+5}
 16337 | D:12     | Noticed a sun demon
 16695 | D:12     | Noticed a centaur warrior
 16695 | D:12     | Noticed a seven-headed hydra
 16698 | D:12     | Noticed a boulder beetle
 16773 | D:12     | Killed a centaur warrior
 16781 | D:12     | Noticed a two-headed ogre
 16784 | D:12     | Noticed a sphinx
 16785 | D:12     | Mangled by a fire elemental

Illustrated notes

Levels and vault maps discovered:
D:1:      dpeg_arrival_tiny_g, layout_basic, serial_shops, shop,
          amethyst_killhole, kennysheep_doodads, minmay_surrounded
D:2:      layout_basic, uniq_jessica
D:3:      minmay_door_path, layout_rooms,
          dreamdust_ecumenical_altar_hidden_monk_grotto, roderic_batcave,
          kennysheep_generic_room_9
D:4:      layout_basic, mainiacjoe_overflow_six_doors_small,
          nemelex_xobeh_ov_fountains_minmay, gup_sewer_entry_spiral
D:5:      layout_cave_pods, minmay_temple_entry_mist
D:6:      layout_basic, grunt_dithmenos_smoke_and_mirrors,
          kennysheep_decorative_pillar
D:7:      layout_basic, slow_altar_1, gammafunk_ghost_hive,
          lightli_bailey_entry_fortress
D:8:      layout_loops_ring, lemuel_crystal_altar, mainiacjoe_overflow_paths,
          lair_entry_dummy, nzn_life_drinkers
D:9:      layout_basic, kennysheep_orc_monster_closet_entryway
D:10:     lemuel_slime, layout_loops_ring, elyvilon_altar_4,
          mainiacjoe_overflow_concentric_impassable,
          minmay_guarded_unrand_variability
D:11:     layout_cave_pods, serial_column_ruins, column_ruins_open_medium,
          column_ruins_open_medium, column_ruins_open_small,
          column_ruins_open_tiny
D:12:     thingy_vault, layout_loops_corners
Temple:   eino_temple_lava

Skill      XL: |  1  2  3  4  5  6  7  8  9 10 11 12 |
---------------+-------------------------------------+-----
Stealth        | 3 4 6 7 8 |  8.6
Conjurations   | 2 3 4 5 7 8 |  8.2
Spellcasting   | 3 4 5 7 8 9 |  9.6
Fire Magic     | 4 5 6 7 8 |  8.6
Short Blades   | 1 2 |  2.6
Fighting       | 1 2 4 |  4.5
Dodging        | 3 4 5 |  5.8
Hexes          | 1 2 |  2.3
Invocations    | 1 4 7 8 |  8.1
Long Blades    | 2 3 |  3.7
Maces & Flails | 1 3 |  3.3
Translocations | |  0.3

Action                   |  1- 3 |  4- 6 |  7- 9 | 10-12 || total
-------------------------+-------+-------+-------+-------++-------
Melee: Constrict         |    13 |    12 |    13 |     7 ||    45
       Tentacles         |     9 |     6 |    10 |    11 ||    36
       Unarmed           |     4 |       |       |       ||     4
       Short sword       |    26 |     2 |       |       ||    28
       Dagger            |       |    34 |    53 |       ||    87
       Long sword        |       |       |     7 |    65 ||    72
       Great mace        |       |       |       |    34 ||    34
 Cast: Foxfire           |    49 |    79 |   181 |    96 ||   405
       Inner Flame       |       |     2 |     6 |    14 ||    22
       Flame Wave        |       |     1 |     5 |    43 ||    49
       Conjure Flame     |       |       |     3 |     8 ||    11
       Scorch            |       |       |       |    12 ||    12
       Iskenderun's Myst |       |       |       |     5 ||     5
       Hailstorm         |       |       |       |     6 ||     6
Evoke: Wand              |       |       |       |     3 ||     3
  Use: Scroll            |       |       |       |    12 ||    12
       Potion            |       |       |       |     9 ||     9
 Stab: Sleeping          |     2 |    11 |     9 |     6 ||    28
       Distracted        |       |       |       |     1 ||     1
Armor: Skin              |     3 |     4 |     6 |     9 ||    22
Dodge: Dodged            |    31 |    28 |    68 |   115 ||   242

Table legend: (Time is in decaauts)
 A = Elapsed time spent in this place.
 B = Non-inter-level travel time spent in this place.
 C = Inter-level travel time spent in this place.
 D = Time resting spent in this place.
 E = Time spent auto-exploring this place.
 F = Levels seen in this place.
 G = Mean time per level.
                   A        B        C        D        E       F      G
               +--------+--------+--------+--------+--------+-----+--------+
         Total |  16817 |  16509 |    308 |   1423 |  11205 |  15 | 1121.1 |
       Dungeon |  15361 |  15053 |    308 |    780 |  10966 |  12 | 1280.1 |
        Temple |     18 |     18 |      0 |      0 |      0 |   1 |   18.0 |
         Sewer |    256 |    256 |      0 |      0 |    194 |   1 |  256.0 |
        Bailey |   1180 |   1180 |      0 |    643 |     45 |   1 | 1180.0 |
               +--------+--------+--------+--------+--------+-----+--------+

Top non-repeatable levels by time:
     D:4: 1614 daAuts
     D:2: 1489 daAuts
     D:7: 1439 daAuts
    D:11: 1348 daAuts
     D:8: 1298 daAuts
     D:6: 1298 daAuts
     D:5: 1283 daAuts
     D:3: 1190 daAuts
     D:1: 1188 daAuts
  Bailey: 1180 daAuts
    D:10: 1157 daAuts
    D:12: 1146 daAuts
     D:9: 907 daAuts
   Sewer: 256 daAuts
  Temple: 18 daAuts
